 Dungeon Crawl Stone Soup version 0.18-a0-1526-gcb34c7c (webtiles) character file.

535 Ijustatesigmund the Insei (level 7, 0/49 HPs)
             Began as an Octopode Transmuter on Mar 8, 2016.
             Was a Follower of Vehumet.
             Slain by Crazy Yiuf
             ... wielding a +3 quarterstaff of chaos
              (2 damage)
             ... on level 4 of the Dungeon.
             The game lasted 00:14:09 (4155 turns).

Ijustatesigmund the Insei (Octopode Transmuter)     Turns: 4155, Time: 00:14:10

Health: 0/49       AC:  1    Str:  9    XL:     7   Next: 25%
Magic:  7/11       EV: 12    Int: 18    God:    Vehumet [*.....]
Gold:   96         SH:  0    Dex: 12    Spells: 3 memorised, 6 levels left

rFire  . . .     SeeInvis .       - Unarmed
rCold  . . .     Gourm    .     (no shield)
rNeg   . . .     Faith    .     (helmet restricted)
rPois  .         Spirit   .     (no amulet)
rElec  .         Dismiss  .     (no ring)
rCorr  .         Reflect  .     (no ring)
SustAt .         Harm     .     (no ring)
MR     .....                    (no ring)
Stlth  ++........               (no ring)
                                (no ring)
                                (no ring)
                                (no ring)

@: not resistant to hostile enchantments, unstealthy
A: almost no armour, amphibious, 8 rings, constrict 8, camouflage 1, gelatinous
body 1
a: Renounce Religion


You were on level 4 of the Dungeon.
You worshipped Vehumet.
Vehumet was aware of your devotion.
You were hungry.

You visited 2 branches of the dungeon, and saw 5 of its levels.

You collected 96 gold pieces.

Inventory:

Missiles
 a - 33 arrows
Wands
 l - a wand of lightning (1/15)
 n - a wand of slowing (24/48)
 p - a wand of flame (32/48)
Scrolls
 d - a scroll of identify
 j - a scroll of teleportation
 k - a scroll of magic mapping
 m - a scroll of enchant armour
Potions
 e - a potion of curing
 g - a potion of lignification {unknown}
 h - a potion of haste {unknown}
 i - a potion of brilliance {unknown}
 o - a potion of mutation {unknown}
Books
 b - a book of Changes

   Spells                             Type                      Level
   a - Beastly Appendage              Transmutation                1
   b - Sticks to Snakes               Transmutation                2
   c - Spider Form                    Transmutation/Poison         3
   d - Ice Form                       Ice/Transmutation            4
   e - Blade Hands                    Transmutation                5
Comestibles
 c - 5 bread rations
 f - 2 fruits


   Skills:
 + Level 4.5 Fighting
 - Level 2.0 Dodging
 + Level 4.8 Unarmed Combat
 + Level 3.0 Spellcasting
 + Level 3.4 Transmutations
 - Level 2.3 Poison Magic


You had 6 spell levels left.
You knew the following spells:

 Your Spells              Type           Power        Failure   Level  Hunger
a - Beastly Appendage     Trmt           ###...       4%          1    None
b - Sticks to Snakes      Trmt           ###.....     8%          2    ##.....
c - Spider Form           Trmt/Pois      ##........   17%         3    ###....


Dungeon Overview and Level Annotations

Branches:
Dungeon (4/15)             Temple (1/1) D:4

Altars:
Elyvilon
Fedhas
Kikubaaqudgha
Makhleb
Nemelex Xobeh
Okawaru
Qazlal
Trog
Vehumet
Xom
Yredelemnul
Zin
The Shining One

Annotations:
D:4 Crazy Yiuf


Innate Abilities, Weirdness & Mutations

You cannot wear most types of armour.
You are amphibious.
You can wear up to eight rings at the same time.
You can use your tentacles to constrict eight enemies at once.
Your skin changes colour to match your surroundings (Stealth).
Your rubbery body absorbs attacks (AC +1).


Message History

Crazy Yiuf screams, "Prologue cower arm!"
You feel yourself speed up.
Crazy Yiuf says, "Proton!
Ice seventy bag."
Casting: Beastly Appendage
Confirm with . or Enter, or press ? or * to list all spells.
You create a snake!
You now have 34 arrows.
Crazy Yiuf closely misses you.
Found a scroll of identify.
Your adder bites Crazy Yiuf but does no damage.
Your adder bites Crazy Yiuf.
Crazy Yiuf is poisoned.
Your adder poisons Crazy Yiuf!
Crazy Yiuf flaps his cloak.
Found an escape hatch in the floor.
Casting: Sticks to Snakes
Confirm with . or Enter, or press ? or * to list all spells.
You create a snake!
You now have 33 arrows.
Crazy Yiuf says, "Sif Muna forty-two poople!"
Crazy Yiuf hits you with a quarterstaff of chaos!
* * * LOW HITPOINT WARNING * * *
Crazy Yiuf burns you.
You die...

#.##...!..# *,*
#.##.###..####
*,*
#.....)......#
*,*
####.###.$##.#
*,* #.#
#..##.###.###*
***#{#
#.$..........**
**,,..#
##.##S###.#..,**
*,,,..#
#...g.S.?...,,*
*,,..##
####@#####..,,*
**,.#*
***#.#*****,*,*
*,,,,*
*,,...,,,,,,,,*
**,,,*
*,##.##***,,,,* *
**,** *,*#.#*
*,,,,* * **,*
***,*...****,,*,*
* *,**
*,,,,...,,,,,,*,*
* **,*
*****..>***,,,*,*
*,**
**,,,,,,,,,,*


You could see Crazy Yiuf and 2 friendly adders.

Vanquished Creatures
  Sigmund (D:4)
  An orc priest (D:4)
  2 hounds
  An orc wizard (D:4)
  Jessica (D:2)
  Natasha (thrice) (D:2)
  2 worker ants (D:4)
  3 adders
  3 worms (D:2)
  2 dart slugs
  2 orcs (D:4)
  7 bats
  6 giant cockroaches
  15 goblins
  9 hobgoblins
  11 jackals
  4 giant newts
  5 kobolds
  5 rats
83 creatures vanquished.

Vanquished Creatures (collateral kills)
  An adder (D:2)
  A goblin (D:2)
2 creatures vanquished.

Grand Total: 85 creatures vanquished

Notes
Turn   | Place    | Note
--------------------------------------------------------------
     0 | D:1      | Ijustatesigmund the Octopode Transmuter began the quest for the Orb.
     0 | D:1      | Reached XP level 1. HP: 13/13 MP: 3/3
    45 | D:1      | Reached XP level 2. HP: 17/19 MP: 5/5
   352 | D:1      | Learned a level 2 spell: Sticks to Snakes
   398 | D:1      | Reached XP level 3. HP: 23/25 MP: 3/6
   406 | D:1      | Learned a level 3 spell: Spider Form
   768 | D:2      | Noticed Jessica
   790 | D:2      | Killed Jessica
   790 | D:2      | Reached XP level 4. HP: 20/31 MP: 3/7
   927 | D:2      | Reached skill level 1 in Poison Magic
   951 | D:2      | Noticed Natasha
   959 | D:2      | Killed Natasha
   998 | D:2      | Noticed Natasha
  1004 | D:2      | Killed Natasha
  1004 | D:2      | Reached XP level 5. HP: 7/37 MP: 4/8
  1316 | D:2      | Noticed Natasha
  1322 | D:2      | Killed Natasha
  1654 | D:2      | Found a radiant altar of Vehumet.
  1679 | D:2      | Became a worshipper of Vehumet
  3009 | D:3      | Reached * piety under Vehumet
  3009 | D:3      | Offered knowledge of Sandblast by Vehumet.
  3132 | D:3      | Reached XP level 6. HP: 20/43 MP: 5/9
  3565 | D:4      | Found a staircase to the Ecumenical Temple.
  3846 | Temple   | Entered the Ecumenical Temple
  4110 | D:4      | Noticed Sigmund
  4136 | D:4      | Killed Sigmund
  4136 | D:4      | Reached XP level 7. HP: 10/49 MP: 8/11
  4146 | D:4      | Noticed Crazy Yiuf
  4155 | D:4      | HP: 2/49 [Crazy Yiuf/quarterstaff of chaos (12)]
  4155 | D:4      | Slain by Crazy Yiuf

Vault maps used:
D:1:      minmay_arrival_glassed_features
D:2:      old_standard_altar, uniq_natasha, uniq_jessica
D:3:      first_bread
D:4:      grunt_temple_overflow_diamond, temple_pool_b, minivault_27,
          uniq_crazy_yiuf_cottage, uniq_sigmund
Temple:   temple_eino_lava_12

Skill      XL: |  1  2  3  4  5  6 |
---------------+-------------------+-----
Fighting       | 2 3 4 |  4.5
Poison Magic   | 1 2 |  2.3
Unarmed Combat | 4 |  4.8
Transmutations | 3 |  3.4
Spellcasting   | 3 |  3.0
Dodging        | |  2.0

Action                   |  1- 3 |  4- 6 |  7- 9 || total
-------------------------+-------+-------+-------++-------
Melee: Unarmed           |    65 |   138 |       ||   203
 Cast: Beastly Appendage |     9 |    12 |       ||    21
       Sticks to Snakes  |     4 |     6 |     2 ||    12
Evoke: Wand              |       |     2 |     1 ||     3
  Use: Scroll            |     4 |     8 |       ||    12
       Potion            |       |     2 |       ||     2
 Stab: Sleeping          |     2 |     7 |       ||     9
       Distracted        |       |     1 |       ||     1
  Eat: Chunk             |       |     9 |       ||     9
       Beef jerky        |       |     1 |       ||     1
